 Seeded DCSS version 0.30-a0-305-g026cb31310 (webtiles) character file.

Game seed: 452596964315409404 (custom seed)

414458 koil the Ninja (level 22, -11/126 HPs)
             Began as a Spriggan Brigand on Oct 21, 2022.
             Was the Champion of Wu Jian.
             Mangled by a spark wasp (19 damage)
             ... while paralysed by a floating eye
             ... on level 2 of the Depths on Oct 22, 2022.
             The game lasted 06:56:31 (53762 turns).

koil the Ninja (Spriggan Brigand)                  Turns: 53762, Time: 06:56:32

Health: -11/126    AC: 11    Str: 14    XL:     22   Next: 53%
Magic:  47/47      EV:  4    Int: 21    God:    Wu Jian [******]
Gold:   3056       SH:  0    Dex: 31    Spells: 39/61 levels left

rFire   + + .      SeeInvis +    a - +12 pair of quick blades "Gyre" and "Gimble" {protect}
rCold   + + .      Faith    .    (shield currently unavailable)
rNeg    . . .      Spirit   .    l - +2 robe {Will+}
rPois   +          Reflect  +    (helmet restricted)
rElec   +          Harm     .    e - scarf {rC+ rF+}
rCorr   .          Rampage  .    (gloves unavailable)
Will    +++++      Clarity  +    (boots unavailable) Stlth *+++++++++
                                 J - amulet of reflection
HPRegen 0.41/turn                u - ring of Jicroes {rElec Will+ Str+6 Int+3}
MPRegen 0.30/turn                B - ring of Jickep {rPois rC+ Str+3 Dex+3 Stlth+}

@: paralysed, under a protective aura, studying 2 skills, very quick
A: very small, no large weapons, unfitting armour, see invisible, speed 3, agile
2, clarity, fire resistance 1, noise suppression
}: 2/15 runes: serpentine, barnacled
a: Renounce Religion, Wall Jump, Serpent's Lash, Heavenly Storm


You were on level 2 of the Depths.
You worshipped Wu Jian.
Wu Jian was exalted by your worship.
You visited 9 branches of the dungeon, and saw 40 of its levels.
You also visited: Gauntlet and Ice Cave.

You collected 4384 gold pieces.
You spent 1328 gold pieces at shops.

Inventory:

Hand Weapons
 a - the +12 pair of quick blades "Gyre" and "Gimble" (weapon) {protect}
   (You found it on level 5 of the Dungeon)

   It grants its wielder temporary protection when it strikes (+7 to AC).
Missiles
 s - 31 poisoned darts
 t - 2 curare-tipped darts
 v - 14 atropa-tipped darts
 P - 5 boomerangs of dispersal
Armour
 c - a +2 cloak
 e - a scarf of resistance (worn)
 l - a +2 robe of willpower (worn)
 Q - a +2 robe of cold resistance
 X - a +2 robe of fire resistance
Jewellery
 k - a ring of protection from fire
 u - the ring of Jicroes (left hand) {rElec Will+ Str+6 Int+3}
   (You found it on level 11 of the Dungeon)

   [ring of strength]

   Str:       It affects your strength (+6).
   Int:       It affects your intelligence (+3).
   rElec:     It insulates you from electricity.
   Will:      It increases your willpower.
 B - the ring of Jickep (right hand) {rPois rC+ Str+3 Dex+3 Stlth+}
   (You bought it in a shop on level 4 of the Vaults)

   [ring of protection from cold]

   Str:       It affects your strength (+3).
   Dex:       It affects your dexterity (+3).
   rC:        It protects you from cold.
   rPois:     It protects you from poison.
   Stlth:     It makes you more stealthy.
 J - an amulet of reflection (around neck)
 K - a ring of protection from cold
 Y - the ring of Irusuvus {Fly Int+4 Dex+3}
   (You took it off a deep elf demonologist on level 3 of the Elven Halls)

   [ring of flight]

   Int:       It affects your intelligence (+4).
   Dex:       It affects your dexterity (+3).
   Fly:       It grants you flight.
Wands
 b - a wand of flame (10)
 o - a wand of quicksilver (23)
 x - a wand of mindburst (12)
 y - a wand of roots (38)
 M - a wand of paralysis (52)
 N - a wand of digging (9)
Scrolls
 g - 4 scrolls of poison
 q - 2 scrolls of silence
 C - 14 scrolls of teleportation
 D - 8 scrolls of magic mapping
 E - 2 scrolls of fear
 F - a scroll of blinking
 O - 4 scrolls of butterflies
 S - 7 scrolls of summoning
Potions
 f - 4 potions of magic
 h - 8 potions of might
 i - 3 potions of berserk rage
 w - 16 potions of curing
 z - 3 potions of heal wounds
 A - 2 potions of cancellation
 G - 4 potions of invisibility
 H - 4 potions of brilliance
 R - 9 potions of haste
 T - a potion of experience
 V - a potion of resistance
Miscellaneous
 d - a condenser vane


   Skills:
 + Level 16.8 Fighting
 - Level 10.0 Short Blades
 - Level 2.2 Axes
 - Level 5.0 Ranged Weapons
 - Level 2.0 Throwing
 + Level 24.5 Dodging
 O Level 27 Stealth
 - Level 20.0 Spellcasting
 - Level 5.0 Conjurations
 - Level 5.0 Hexes
 - Level 5.0 Summonings
 - Level 8.1 Transmutations
 + Level 9.9 Fire Magic
 - Level 10.0 Poison Magic


You had 39 spell levels left.
You knew the following spells:

 Your Spells              Type           Power      Damage    Failure   Level
a - Ensorcelled Hibernat  Hex/Ice        62%        N/A       1%          2
b - Ignite Poison         Fire/Tmut/Pois 57%        N/A       1%          3
c - Flame Wave            Conj/Fire      51%        2d13      1%          4
d - Olgreb's Toxic Radia  Pois           58%        N/A       1%          4
e - Confusing Touch       Hex            42%        N/A       1%          3
f - Blink                 Tloc           42%        N/A       3%          2
g - Dazzling Flash        Conj/Hex       84%        N/A       1%          3
h - Summon Small Mammal   Summ           100%       N/A       1%          1

Your spell library contained the following spells:

 Spells                   Type           Power      Damage    Failure   Level
 Beastly Appendage        Tmut           100%       N/A       1%          1
 Kiss of Death            Conj/Necr      100%       2d13      1%          1
 Shock                    Conj/Air       100%       1d9       1%          1
 Sting                    Tmut/Pois      100%       1d8       1%          1
 Momentum Strike          Conj/Tloc      62%        3d9       1%          2
 Passwall                 Tmut/Erth      31%        N/A       1%          2
 Poisonous Vapours        Pois/Air       84%        N/A       1%          2
 Wereblood                Tmut           53%        N/A       1%          2
 Inner Flame              Hex/Fire       51%        N/A       1%          3
 Kindle Blastsparks       Fire/Tloc/Air  68%        2d15      1%          3
 Spider Form              Tmut/Pois      56%        N/A       1%          3
 Summon Guardian Golem    Hex/Summ       42%        N/A       1%          3
 Sticky Flame             Conj/Fire      51%        2d7       1%          4
 Alistair's Intoxication  Tmut/Pois      37%        N/A       1%          5
 Apportation              Tloc           42%        N/A       2%          1
 Freeze                   Ice            84%        1d9       2%          1
 Necrotise                Necr           84%        1d8       2%          1
 Hailstorm                Conj/Ice       31%        3d8       2%          3
 Blade Hands              Tmut           26%        N/A       2%          5
 Irradiate                Conj/Tmut      24%        3d19      4%          5
 Frozen Ramparts          Ice            42%        1d7       7%          3
 Lesser Beckoning         Tloc           42%        N/A       7%          3
 Swiftness                Air            21%        N/A       7%          3
 Vhi's Electric Charge    Tloc/Air       42%        N/A       7%          3
 Animate Armour           Summ/Erth      62%        N/A       9%          4
 Iskenderun's Mystic Bla  Conj/Tloc      31%        2d8       9%          4
 Summon Ice Beast         Ice/Summ       31%        N/A       9%          4
 Eringya's Noxious Bog    Tmut/Pois      28%        N/A       9%          6
 Starburst                Conj/Fire      25%        6d8       17%         6
 Airstrike                Air            10%        2d(2-18)  22%         4
 Animate Dead             Necr           21%        N/A       22%         4
 Dispel Undead            Necr           21%        3d11      22%         4
 Manifold Assault         Tloc           21%        N/A       22%         4
 Arcjolt                  Conj/Air       15%        1d25      22%         5
 Silence                  Hex/Air        15%        N/A       22%         5
 Freezing Cloud           Conj/Ice/Air   13%        6-21      32%         5
 Summon Cactus Giant      Summ           21%        N/A       41%         6
 Agony                    Necr           21%        N/A       54%         5
 Borgnjor's Vile Clutch   Necr/Erth      10%        N/A       54%         5
 Dragon Form              Tmut           26%        N/A       56%         7
 Conjure Ball Lightning   Conj/Air       15%        3x3d6     77%         6
 Iron Shot                Conj/Erth      15%        9d4       77%         6
 Orb of Destruction       Conj           21%        9d8       94%         7
 Spellforged Servitor     Conj/Summ      21%        N/A       94%         7
 Ignition                 Fire           29%        3d9       95%         8
 Death Channel            Necr           10%        N/A       98%         6
 Dispersal                Tloc           10%        N/A       98%         6
 Malign Gateway           Summ/Tloc      15%        N/A       100%        7
 Discord                  Hex            21%        N/A       100%        8
 Disjunction              Tloc           10%        N/A       100%        8
 Maxwell's Capacitive Co  Air            10%        ∞         100%        8
 Summon Horrible Things   Summ           21%        N/A       100%        8
 Chain Lightning          Conj/Air       15%        3d20      100%        9
 Fire Storm               Conj/Fire      25%        8d7       100%        9
 Shatter                  Erth           10%        3d12*     100%        9


Dungeon Overview and Level Annotations

Branches:
Dungeon (15/15)            Temple (1/1) D:4            Lair (5/5) D:8
 Shoals (4/4) Lair:3        Snake (4/4) Lair:3        Slime (0/5) Lair:4
    Orc (2/2) D:10            Elf (3/3) Orc:2        Vaults (4/5) D:13
  Crypt (0/3) Vaults:2     Depths (2/4) D:15          IceCv (visited)
Gauntlet (visited)

Altars:
Ashenzari
Cheibriados
Dithmenos
Elyvilon
Fedhas
Gozag
Hepliaklqana
Kikubaaqudgha
Makhleb
Nemelex Xobeh
Okawaru
Qazlal
Ru
Sif Muna
Trog
Uskayaw
Vehumet
Wu Jian
Xom
Yredelemnul
Zin
The Shining One
Jiyva

Shops:
D:2 [   D:10 !   D:15 :   Orc:2 ***!   Elf:1 :   Elf:3 (   Snake:1 *[!
Snake:2 *   Snake:3 ?=   Snake:4 *   Vaults:4 =

Portals:
Hell: Depths:1

Annotations:
Vaults:1 2 transporters, Ladeyfunk's ghost, adept DsBe
Depths:1 2 runed translucent doors


Innate Abilities, Weirdness & Mutations

You are very small and have problems with some larger weapons.
You are too small for most types of armour.
You have supernaturally acute eyesight. (SInv)
You cover ground extremely quickly. (Speed+++)
You are very agile. (Dex +8, Str/Int -2)
You possess an exceptional clarity of mind.
Your flesh is heat resistant. (rF+)
You passively dampen the noise of your surroundings.


Message History

You hit the vampire mage. You puncture the vampire mage!
You hit the vampire mage. You puncture the vampire mage!
You destroy the vampire mage!
The Council accepts your kill. The floating eye seems to glare at you.
The ettin closely misses you. The ettin completely misses you.
The purple very ugly thing completely misses you.
A spark wasp comes into view.
You spin and attack the purple very ugly thing repeatedly.
The spark wasp buzzes angrily.
You hit the purple very ugly thing. x3
You puncture the purple very ugly thing!
The spark wasp bursts into living lightning!
The living lightning misses you.
The spark wasp blinks! x2
The sphinx hits you but does no damage. The sphinx completely misses you. x2
You puncture the spark wasp! You hit the spark wasp.
The floating eye gazes piercingly through you!
You suddenly lose the ability to move!
The spark wasp stings you but does no damage.
The purple very ugly thing tentacle-slaps you.
The sphinx hits you but does no damage. The sphinx hits you.
The sphinx hits you but does no damage. The spark wasp stings you!!
The spark wasp shocks you. You resist. The tengu conjurer barely misses you.
The tengu conjurer pecks you but does no damage.
The tengu conjurer claws you.
The purple very ugly thing tentacle-slaps you.
The spark wasp stings you! The spark wasp shocks you. You resist.
The sphinx completely misses you. The sphinx hits you. x2
The tengu conjurer hits you! The tengu conjurer pecks you.
The tengu conjurer claws you but does no damage.
A wizard comes into view. It is wielding a +0 dagger.
The purple very ugly thing tentacle-slaps you!!
* * * LOW HITPOINT WARNING * * *
The spark wasp stings you but does no damage.
The sphinx hits you!
* * * LOW HITPOINT WARNING * * *
The sphinx barely misses you. The sphinx hits you.
* * * LOW HITPOINT WARNING * * *
The spark wasp stings you!!
You die...

#.....#.#.#
#.....).#.#
##.####.#.#
#......^.#
#######.#########
........[C.......
8.8.8.8.8.8.8.8.8
........CuH......
........Q@G.....8
........C.y......
....Q...........8
...#########.....
... ....8 .. ....
..8 .p.


You could see a frost giant, a purple very ugly thing, a sphinx, a stone giant,
an ettin, a spark wasp, a wizard (wandering), 2 tengu conjurers and a floating
eye.

Vanquished Creatures
  Mara (Vaults:3)
  Mennas (Vaults:3)
  The ghost of Mycling the Warrior, a veteran DsFi of Okawaru (Vaults:4)
  Boris (Vaults:3)
  Bai Suzhen (Snake:4)
  Jorgrun (Snake:1)
  Rupert (D:12)
  A lich (Depths:1)
  5 deep elf blademasters
  3 deep elf master archers (Elf:3)
  Frances (D:12)
  A kraken (Shoals:4)
  5 sphinxes
  Agnes (Elf:1)
  Kirke (D:14)
  The ghost of Weosk the Cleaver, an adept GnWn of Cheibriados (Shoals:2)
  Donald (Shoals:1)
  6 nagarajas
  9 vault wardens
  3 fire giants (Depths:1)
  Aizul (Snake:1)
  9 deep elf sorcerers
  2 frost giants
  2 orc warlords
  4 deep elf elementalists (Elf:3)
  A spriggan defender (Depths:1)
  5 ironbound thunderhulks
  10 ironbound preservers
  7 stone giants
  2 war gargoyles
  7 very ugly things
  Nessos (D:14)
  3 deep elf demonologists (Elf:3)
  A vampire knight (Depths:2)
  2 spark wasps (Depths:1)
  A minotaur (Gauntlet)
  The ghost of LnG the Unseen, a journeyman KoSu of Dithmenos (D:14)
  Azrael (Snake:1)
  6 deep elf annihilators
  7 dire elephants (Vaults:4)
  4 ettins
  5 deep elf death magi (Elf:3)
  2 jiangshi (Depths:1)
  2 crystal guardians
  4 merfolk javelineers
  3 deep elf high priests (Elf:3)
  2 fire dragons
  6 yaktaur captains
  6 merfolk impalers
  4 rakshasas
  An entropy weaver (shapeshifter) (D:15)
  Fannar (Orc:1)
  15 vault guards
  The ghost of Sunibiam the Fighter, a journeyman GrFi of Okawaru (Lair:1)
  An entropy weaver (Vaults:1)
  2 great orbs of eyes (Vaults:4)
  5 salamander tyrants
  3 spriggan air magi (Depths:1)
  Josephine (Snake:1)
  An ogre mage (D:15)
  11 hydras
  3 catoblepae
  14 ironbound frosthearts
  3 peacekeepers
  3 alligator snapping turtles
  3 satyrs
  16 anacondas
  5 centaur warriors
  3 merfolk avatars
  7 two-headed ogres
  29 dancing weapons
  A deep troll shaman (Lair:5)
  3 merfolk aquamancers
  5 tengu warriors
  2 death knights (Vaults:2)
  9 boulder beetles
  3 vampire magi
  A deep troll earth mage (Depths:1)
  18 death yaks
  14 naga warriors
  3 orc high priests (Orc:2)
  9 shock serpents
  A spriggan berserker (Depths:1)
  9 naga sharpshooters
  4 hell knights (Depths:1)
  Nergalle (D:12)
  16 deep elf knights
  2 spriggans (Depths:1)
  6 salamander mystics
  A fire crab (Lair:4)
  5 skeletal warriors (D:15)
  9 sea snakes
  A shadow wraith (Vaults:2)
  12 naga ritualists
  32 deep trolls
  5 wizards
  2 glowing orange brains (Depths:1)
  A phantasmal warrior (Vaults:3)
  Pikel (D:9)
  9 deep elf archers
  13 ironbound convokers
  17 lindwurms
  6 necromancers
  23 deep elf pyromancers
  19 deep elf zephyrmancers
  41 ugly things
  10 orc knights
  2 oklob plants
  A wolf spider (Lair:5)
  27 harpies
  15 mana vipers
  10 cyclopes
  17 manticores
  4 orc sorcerers (Orc:2)
  19 salamanders
  35 fauns
  A fire giant skeleton (Vaults:2)
  2 moths of wrath (D:14)
  3 guardian serpents
  5 merfolk sirens
  15 elephants
  46 black mambas
  A torpor snail (shapeshifter) (Elf:3)
  28 naga magi
  13 vault sentinels
  An ice statue (IceCv)
  6 water nymphs
  3 torpor snails
  3 unseen horrors
  A human zombie (Vaults:2)
  9 cane toads
  17 rime drakes
  2 efreet
  A tengu conjurer (D:13)
  20 yaktaurs
  6 komodo dragons
  4 red devils (Elf:2)
  8 trolls
  14 polar bears
  23 merfolk
  A queen bee (Gauntlet)
  14 wind drakes
  8 hornets
  2 tengu simulacra
  A wolf spider simulacrum (D:15)
  31 blink frogs
  8 snapping turtles
  32 slime creatures
  A stone giant simulacrum (Vaults:2)
  17 dream sheep
  Sigmund (D:2)
  An ettin skeleton (Vaults:3)
  4 air elementals
  5 centaur simulacra (D:15)
  A ynoxinul (Gauntlet)
  77 yaks
  20 water elementals
  4 wraiths
  A hog (shapeshifter) (Elf:3)
  The ghost of ryw the Trooper, an amateur DsMo of Gozag (D:4)
  4 basilisks
  A hog (D:14)
  9 wyverns
  A golden eye (shapeshifter) (D:13)
  5 fire elementals
  15 steam dragons
  3 redbacks (Vaults:1)
  50 nagas
  14 vampire mosquitoes
  A redback simulacrum (D:15)
  A glowing shapeshifter zombie (Vaults:3)
  5 acid dragons
  3 wargs
  13 water moccasins
  3 hell hounds (Snake:1)
  3 sky beasts
  24 orc warriors
  5 ice beasts
  The ghost of equiv the Slasher, an amateur DgWr (D:5)
  39 wolves
  19 centaurs
  14 ogres
  3 boggarts (Vaults:1)
  2 phantoms
  A kobold brigand (D:9)
  2 necrophages
  8 scorpions
  11 bullfrogs
  2 earth elementals
  2 gnoll sergeants
  A wyvern zombie (D:8)
  2 wyvern skeletons (D:4)
  11 wights
  11 killer bees
  7 electric eels
  3 howler monkeys
  A centaur zombie (D:8)
  3 jellies (D:2)
  19 orc priests
  A bullfrog skeleton (D:4)
  8 hounds
  3 iron imps (Gauntlet)
  Natasha (thrice) (D:2)
  2 iguanas
  27 orc wizards
  A killer bee zombie (D:4)
  Robin (D:2)
  10 adders
  13 gnolls
  A shadow imp (D:6)
  4 white imps
  3 ufetubi
  A worm (D:2)
  2 dart slugs
  66 orcs
  8 ball pythons
  15 endoplasms
  5 giant cockroaches
  13 hobgoblins
  6 jackals
  4 quokkas
  10 bats
  2 frilled lizards (D:1)
  14 goblins
  22 kobolds
  8 rats
  2 fungi (D:11)
  2 plants
  A tentacle (Shoals:4)
1770 creatures vanquished.

Vanquished Creatures (others)
  A stone giant (Depths:1)
  A deep elf knight (Elf:3)
  A manticore (Shoals:4)
  A human (D:14)
  10 fungi
  183 plants
  3 tentacles (Shoals:4)
  7 toadstools (D:2)
  3 withered plants (Gauntlet)
210 creatures vanquished.

Grand Total: 1980 creatures vanquished

Notes
Turn   | Place    | Note
-------+----------+-------------------------------------------
     0 | D:1      | koil the Spriggan Brigand began the quest for the Orb.
     0 | D:1      | Reached XP level 1. HP: 10/10 MP: 2/2
   120 | D:1      | Reached skill level 6 in Stealth
   252 | D:1      | Reached XP level 2. HP: 15/15 MP: 3/3
   663 | D:1      | Reached skill level 1 in Spellcasting
   796 | D:2      | Found Tiaxt's Armour Shop.
   902 | D:2      | Reached XP level 3. HP: 18/18 MP: 5/5
  1033 | D:2      | Reached XP level 4. HP: 21/23 MP: 5/7
  1333 | D:2      | Noticed Natasha
  1357 | D:2      | Killed Natasha
  1492 | D:2      | Noticed Robin
  1495 | D:2      | Reached XP level 5. HP: 25/27 MP: 9/9
  1699 | D:2      | Killed Robin
  2250 | D:3      | Found a glowing silver altar of Zin.
  2820 | D:2      | Reached skill level 7 in Stealth
  2823 | D:2      | Noticed Sigmund
  2826 | D:2      | Noticed Natasha
  2926 | D:2      | Killed Sigmund
  2927 | D:2      | Reached XP level 6. HP: 11/32 MP: 9/11
  3014 | D:2      | Killed Natasha
  3233 | D:2      | Noticed Natasha
  3256 | D:2      | Killed Natasha
  3681 | D:4      | Found a staircase to the Ecumenical Temple.
  3687 | Temple   | Entered the Ecumenical Temple
  3912 | Temple   | Became a worshipper of the Wu Jian Council
  3987 | D:4      | Identified the +1 ring mail of the Centipede {Harm Rampage
                  | Str+7 Dex-2}
  4135 | D:4      | Reached XP level 7. HP: 4/36 MP: 13/13
  4567 | D:5      | Entered Level 5 of the Dungeon
  4621 | D:5      | Reached skill level 8 in Stealth
  4889 | D:5      | Reached skill level 5 in Dodging
  5001 | D:5      | Learned a level 2 spell: Ensorcelled Hibernation
  5018 | D:5      | Found an ancient bone altar of Kikubaaqudgha.
  5019 | D:5      | Found a radiant altar of Vehumet.
  5020 | D:5      | Found a shimmering blue altar of Sif Muna.
  5026 | D:5      | Got Kikubaaqudgha's Anthology of Necromancy
  5079 | D:5      | Reached XP level 8. HP: 31/42 MP: 15/15
  5450 | D:5      | Found a runed translucent door.
  5453 | D:5      | Noticed equiv's ghost (amateur DgWr)
  5454 | D:5      | Found the +12 pair of quick blades "Gyre" and "Gimble"
                  | {protect}
  5529 | D:5      | Reached skill level 5 in Short Blades
  5705 | D:5      | Killed equiv's ghost
  5705 | D:5      | Reached * piety under Wu Jian
  5706 | D:5      | Reached skill level 9 in Stealth
  5706 | D:5      | Reached skill level 1 in Hexes
  5839 | D:5      | Found a bloodstained altar of Trog.
  5940 | D:5      | Found a white marble altar of Elyvilon.
  5941 | D:5      | Found a shadowy altar of Dithmenos.
  5942 | D:5      | Found a snail-covered altar of Cheibriados.
  5962 | D:5      | Reached skill level 5 in Spellcasting
  6102 | D:4      | Found a runed translucent gate.
  6107 | D:4      | Found a runed translucent gate.
  6107 | D:4      | Found a runed translucent gate.
  6107 | D:4      | Noticed ryw's ghost (amateur DsMo)
  6539 | D:4      | Killed ryw's ghost
  6717 | D:6      | Reached XP level 9. HP: 46/46 MP: 18/18
  6742 | D:6      | Reached skill level 10 in Stealth
  6868 | D:6      | Reached ** piety under Wu Jian
  8060 | D:8      | Reached skill level 5 in Fighting
  8078 | D:8      | Found a staircase to the Lair.
  8185 | D:8      | Reached skill level 5 in Hexes
  8188 | D:8      | Reached *** piety under Wu Jian
  8189 | D:8      | Reached skill level 11 in Stealth
  8216 | D:8      | Noticed a troll
  8226 | D:8      | Killed a troll
  8377 | D:8      | Reached XP level 10. HP: 51/51 MP: 21/21
  8383 | D:8      | Learned a level 3 spell: Ignite Poison
  8497 | D:8      | Reached skill level 1 in Transmutations
  8552 | D:8      | Identified the +3 leather armour of Nuhon {rElec rCorr
                  | Dex+2 SInv}
  8638 | D:8      | Reached skill level 1 in Poison Magic
  8846 | D:8      | Found a basalt altar of Yredelemnul.
  9479 | D:9      | Noticed Pikel
  9495 | D:9      | Killed Pikel
  9590 | D:9      | Reached skill level 12 in Stealth
  9789 | D:9      | Reached **** piety under Wu Jian
 10413 | D:10     | Entered Level 10 of the Dungeon
 10430 | D:10     | Found Kivaix's Distillery.
 10566 | D:10     | Bought a potion of might for 48 gold pieces
 10566 | D:10     | Bought a potion of berserk rage for 60 gold pieces
 10602 | D:10     | Found a staircase to the Orcish Mines.
 10674 | D:10     | Reached XP level 11. HP: 56/56 MP: 24/24
 10751 | D:10     | Reached ***** piety under Wu Jian
 10912 | D:11     | Noticed a brown ugly thing
 10955 | D:11     | Noticed a two-headed ogre
 10958 | D:11     | Killed a brown ugly thing
 10959 | D:11     | Reached skill level 5 in Transmutations
 10964 | D:11     | Killed a two-headed ogre
 10965 | D:11     | Reached skill level 13 in Stealth
 11185 | D:11     | Noticed a two-headed ogre
 11195 | D:11     | Killed a two-headed ogre
 11196 | D:11     | Reached skill level 10 in Dodging
 11397 | D:11     | Identified the ring of Jicroes {rElec Will+ Str+6 Int+3}
 11689 | D:11     | Noticed a boulder beetle
 11717 | D:11     | Killed a boulder beetle
 11909 | D:11     | Reached skill level 5 in Poison Magic
 12210 | D:11     | Reached XP level 12. HP: 63/63 MP: 26/26
 12484 | D:12     | Found a frozen archway.
 12494 | IceCv    | Entered an ice cave
 12521 | IceCv    | Reached skill level 14 in Stealth
 12616 | IceCv    | Reached skill level 10 in Spellcasting
 12974 | IceCv    | Noticed a death yak
 12974 | IceCv    | Noticed a death yak
 12976 | IceCv    | Killed a death yak
 12977 | IceCv    | Reached skill level 10 in Short Blades
 12977 | IceCv    | Killed a death yak
 13003 | IceCv    | Noticed a death yak
 13003 | IceCv    | Noticed a death yak
 13003 | IceCv    | Noticed a frost giant
 13003 | IceCv    | Noticed a death yak
 13003 | IceCv    | Noticed a death yak
 13015 | IceCv    | Killed a death yak
 13016 | IceCv    | Reached skill level 15 in Stealth
 13021 | IceCv    | Killed a death yak
 13074 | IceCv    | Killed a frost giant
 13096 | IceCv    | Killed a death yak
 13124 | IceCv    | Killed a death yak
 13137 | IceCv    | Identified the +3 quarterstaff "Orat" {freeze, rF+ Int+3}
 13443 | D:12     | Noticed Nergalle
 13449 | D:12     | Killed Nergalle
 13450 | D:12     | Reached XP level 13. HP: 68/68 MP: 29/29
 13450 | D:12     | Noticed Rupert
 13467 | D:12     | Noticed Frances
 13841 | D:12     | Killed Frances
 14198 | D:12     | Killed Rupert
 14199 | D:12     | Reached skill level 16 in Stealth
 14849 | D:13     | Found a gate to the Vaults.
 15194 | D:13     | Reached skill level 17 in Stealth
 15469 | D:13     | Got the Volume of Bedrock and the Arsonist
 15475 | D:13     | Learned a level 4 spell: Flame Wave
 15646 | D:14     | Reached XP level 14. HP: 48/75 MP: 31/31
 15771 | D:14     | Found a transporter.
 15780 | D:14     | Found a transporter.
 15791 | D:14     | Noticed LnG's ghost (journeyman KoSu)
 15932 | D:14     | Reached skill level 1 in Fire Magic
 15934 | D:14     | Reached skill level 1 in Conjurations
 15934 | D:14     | Reached ****** piety under Wu Jian
 15940 | D:14     | Noticed Kirke
 15970 | D:14     | Killed Kirke
 16376 | D:14     | Noticed Nessos
 16382 | D:14     | Killed Nessos
 16592 | D:14     | Found a bloodstained altar of Trog.
 16854 | D:14     | Killed LnG's ghost
 17508 | D:14     | Reached skill level 18 in Stealth
 17624 | D:14     | Gained mutation: You are occasionally teleported next to
                  | monsters. [potion of mutation]
 17624 | D:14     | Gained mutation: You have a pair of small antennae on your
                  | head. [potion of mutation]
 17625 | D:14     | Lost mutation: You have a pair of small antennae on your
                  | head. [potion of mutation]
 17625 | D:14     | Lost mutation: You are occasionally teleported next to
                  | monsters. [potion of mutation]
 17625 | D:14     | Gained mutation: You are frail. (-10% HP) [potion of
                  | mutation]
 17625 | D:14     | Gained mutation: You have sharp fingernails. [potion of
                  | mutation]
 17625 | D:14     | Gained mutation: You are dopey. (Int -2) [potion of
                  | mutation]
 17625 | D:14     | Gained mutation: You possess an exceptional clarity of
                  | mind. [potion of mutation]
 17626 | D:14     | Lost mutation: You have sharp fingernails. [potion of
                  | mutation]
 17626 | D:14     | Lost mutation: You are frail. (-10% HP) [potion of
                  | mutation]
 17626 | D:14     | Gained mutation: Your flesh is heat resistant. (rF+)
                  | [potion of mutation]
 17626 | D:14     | Gained mutation: You expend magic power (3 MP) to
                  | strengthen your wands. [potion of mutation]
 17627 | D:14     | Lost mutation: You are dopey. (Int -2) [potion of mutation]
 17627 | D:14     | Lost mutation: You expend magic power (3 MP) to strengthen
                  | your wands. [potion of mutation]
 17627 | D:14     | Gained mutation: You are agile. (Dex +4, Str/Int -1)
                  | [potion of mutation]
 17627 | D:14     | Gained mutation: You passively dampen the noise of your
                  | surroundings. [potion of mutation]
 17627 | D:14     | Gained mutation: You are very agile. (Dex +8, Str/Int -2)
                  | [potion of mutation]
 18096 | D:15     | Entered Level 15 of the Dungeon
 18209 | D:15     | Found a staircase to the Depths.
 18209 | D:15     | Noticed a stone giant
 18219 | D:15     | Killed a stone giant
 18266 | D:15     | Reached skill level 10 in Fighting
 18562 | D:15     | Reached skill level 15 in Dodging
 18567 | D:15     | Learned a level 4 spell: Olgreb's Toxic Radiance
 18651 | D:15     | Reached XP level 15. HP: 80/80 MP: 33/33
 18886 | D:15     | Found Utomerch's Book Emporium.
 18979 | D:15     | Learned a level 3 spell: Confusing Touch
 19708 | Lair:1   | Entered Level 1 of the Lair of Beasts
 19894 | Lair:1   | Found a gate leading to a gauntlet.
 19900 | Gauntlet | Entered a Gauntlet
 19900 | Gauntlet | Found a transporter.
 19900 | Gauntlet | Found a transporter.
 19906 | Gauntlet | Found a transporter.
 19907 | Gauntlet | Found a transporter.
 19910 | Gauntlet | Found a transporter.
 19910 | Gauntlet | Found a transporter.
 19945 | Gauntlet | Found a transporter.
 19948 | Gauntlet | Found a transporter.
 19976 | Gauntlet | Found a transporter.
 19993 | Gauntlet | Found a transporter.
 20008 | Gauntlet | Found a transporter.
 20012 | Gauntlet | Found a transporter.
 20300 | Gauntlet | Noticed a titan
 20319 | Gauntlet | Noticed a shard shrike
 20320 | Gauntlet | a shard shrike changed into a juggernaut
 20320 | Gauntlet | Noticed a juggernaut (glowing shapeshifter)
 20336 | Gauntlet | a juggernaut changed into a caustic shrike
 20336 | Gauntlet | Noticed a caustic shrike (glowing shapeshifter)
 20347 | Gauntlet | a caustic shrike changed into an iron dragon
 20347 | Gauntlet | Noticed an iron dragon (glowing shapeshifter)
 20356 | Gauntlet | an iron dragon changed into an acid blob
 20356 | Gauntlet | Noticed an acid blob (glowing shapeshifter)
 20358 | Gauntlet | an acid blob changed into a golden dragon
 20358 | Gauntlet | Noticed a golden dragon (glowing shapeshifter)
 20359 | Gauntlet | a golden dragon changed into a titan
 20359 | Gauntlet | Noticed a titan (glowing shapeshifter)
 20361 | Gauntlet | a titan changed into a rockslime
 20361 | Gauntlet | Noticed a rockslime (glowing shapeshifter)
 20364 | Gauntlet | a rockslime changed into a shard shrike
 20364 | Gauntlet | Noticed a shard shrike (glowing shapeshifter)
 20366 | Gauntlet | a shard shrike changed into a rockslime
 20366 | Gauntlet | Noticed a rockslime (glowing shapeshifter)
 20367 | Gauntlet | a rockslime changed into a juggernaut
 20367 | Gauntlet | Noticed a juggernaut (glowing shapeshifter)
 20379 | Gauntlet | a juggernaut changed into a shard shrike
 20379 | Gauntlet | Noticed a shard shrike (glowing shapeshifter)
 20411 | Gauntlet | Noticed a shard shrike
 20413 | Gauntlet | Noticed a juggernaut
 20418 | Gauntlet | Identified the +0 pair of boots of the Sneaky Xeniums {rF+}
 20418 | Gauntlet | a juggernaut changed into a rockslime
 20418 | Gauntlet | Noticed a rockslime (glowing shapeshifter)
 20456 | Gauntlet | Noticed a shard shrike
 20462 | Gauntlet | a shard shrike changed into a rockslime
 20462 | Gauntlet | Noticed a rockslime (glowing shapeshifter)
 20468 | Gauntlet | a rockslime changed into a juggernaut
 20468 | Gauntlet | Noticed a juggernaut (glowing shapeshifter)
 20470 | Gauntlet | a juggernaut changed into a rockslime
 20470 | Gauntlet | Noticed a rockslime (glowing shapeshifter)
 20475 | Gauntlet | a rockslime changed into a golden dragon
 20475 | Gauntlet | Noticed a golden dragon (glowing shapeshifter)
 20734 | Lair:1   | Found a transporter.
 20739 | Lair:1   | Noticed Sunibiam's ghost (journeyman GrFi)
 20744 | Lair:1   | Found a transporter.
 20909 | Lair:1   | Found an ornate altar of the Wu Jian Council.
 20918 | Lair:1   | Reached skill level 19 in Stealth
 21323 | Lair:1   | Killed Sunibiam's ghost
 21885 | Lair:2   | Reached skill level 5 in Fire Magic
 21897 | Lair:2   | Identified the +8 morningstar "Rummage" {vorpal, rPois
                  | rCorr SInv}
 23167 | Lair:3   | Found a staircase to the Snake Pit.
 23773 | Lair:3   | Found a staircase to the Shoals.
 24227 | Lair:4   | Reached skill level 5 in Conjurations
 24362 | Lair:4   | Reached XP level 16. HP: 86/86 MP: 35/35
 24370 | Lair:4   | Reached skill level 15 in Spellcasting
 24573 | Lair:4   | Identified the +2 leather armour of Omam {MP+9 Str-4
                  | Slay+3}
 24713 | Lair:4   | Reached skill level 20 in Stealth
 25163 | Lair:4   | Found a viscous altar of Jiyva.
 25165 | Lair:4   | Found a staircase to the Slime Pits.
 25306 | Lair:5   | Entered Level 5 of the Lair of Beasts
 26596 | Lair:5   | Identified the +5 ice dragon scales of Fiziveurcha {rPois
                  | rF- rC++ Slay+3}
 26606 | Lair:5   | Identified the +1 ring mail "Viodiz" {+Inv Str+7 Dex-5}
 26959 | Temple   | Upgraded the game from 0.30-a0-304-gdc4b735fe1 to
                  | 0.30-a0-305-g026cb31310
 27082 | Orc:1    | Entered Level 1 of the Orcish Mines
 27085 | Orc:1    | Noticed Fannar
 27092 | Orc:1    | Killed Fannar
 27093 | Orc:1    | Reached skill level 21 in Stealth
 27243 | Orc:2    | Entered Level 2 of the Orcish Mines
 27507 | Orc:2    | Found Dyfad's Distillery.
 27507 | Orc:2    | Found Xoatzorph's General Store.
 27516 | Orc:2    | Found Zuol's General Store.
 27516 | Orc:2    | Found Nohel's General Store.
 27603 | Orc:2    | Bought a potion of heal wounds for 60 gold pieces
 27603 | Orc:2    | Bought a potion of heal wounds for 60 gold pieces
 27603 | Orc:2    | Bought a potion of curing for 36 gold pieces
 27826 | Orc:2    | Found a staircase to the Elven Halls.
 28157 | Orc:1    | You fall into a shaft and drop 1 floor!
 28945 | Elf:1    | Entered Level 1 of the Elven Halls
 28957 | Elf:1    | Paralysed by an air elemental for 1 turns
 29127 | Elf:1    | Reached XP level 17. HP: 89/93 MP: 38/38
 29510 | Elf:1    | Got the Disquisition on Arcane Weapons
 29549 | Elf:1    | Noticed Agnes
 29563 | Elf:1    | Killed Agnes
 29577 | Elf:1    | Found Kuoxkes's Book Shoppe.
 29722 | Elf:1    | Identified the +4 chain mail "Tohoug" {rN+}
 30094 | Elf:2    | Reached skill level 22 in Stealth
 30129 | Elf:2    | Found a runed translucent gate.
 30130 | Elf:2    | Found a runed translucent gate.
 30130 | Elf:2    | Found a runed translucent gate.
 30816 | Elf:2    | Noticed a deep elf blademaster
 30862 | Elf:2    | Killed a deep elf blademaster
 31641 | Elf:3    | Entered Level 3 of the Elven Halls
 32103 | Elf:3    | Reached skill level 23 in Stealth
 32103 | Elf:3    | Reached XP level 18. HP: 80/100 MP: 40/40
 32383 | Elf:3    | Identified the +2 great mace "Hell-Harrower" {venom, rElec
                  | rF+}
 32383 | Elf:3    | Identified the ring "Ito Dasch" {rPois Dex+3}
 32400 | Elf:3    | Noticed a Hell Sentinel
 32497 | Elf:3    | Identified the ring of Irusuvus {Fly Int+4 Dex+3}
 33039 | Elf:3    | Identified the +3 ring mail of the Saviour {rElec Regen+}
 33055 | Elf:3    | Identified the +6 short sword of Duestiorgh {protect,
                  | rPois}
 33057 | Elf:3    | Identified the +1 hand axe "Jeroxzoc" {vorpal, Dex+4}
 33065 | Elf:3    | Learned a level 2 spell: Blink
 33075 | Elf:3    | Identified the +8 short sword of Tiexeuh {vorpal, Str-2
                  | Int+3 SInv}
 33080 | Elf:3    | Got the Volume of Petrous Transmigration
 33373 | Elf:3    | Found Kerovus's Antique Weapon Shoppe.
 34621 | Snake:1  | Entered Level 1 of the Snake Pit
 34644 | Snake:1  | Noticed Jorgrun
 34650 | Snake:1  | Noticed Azrael
 34650 | Snake:1  | Killed Jorgrun
 34682 | Snake:1  | Killed Azrael
 34683 | Snake:1  | Found Nymoetiu's Antique Armour Boutique.
 35110 | Snake:1  | Noticed Josephine
 35132 | Snake:1  | Killed Josephine
 35233 | Snake:1  | Noticed Aizul
 35237 | Snake:1  | Found Ryvuul's Overcharged Wands.
 35239 | Snake:1  | Killed Aizul
 35252 | Snake:1  | Reached skill level 24 in Stealth
 35441 | Snake:1  | Found Bohykl Mide's Distillery.
 36137 | Snake:2  | Reached XP level 19. HP: 84/105 MP: 39/42
 36202 | Snake:2  | Found Xoity's Gadget Gallery.
 36312 | Snake:2  | Bought a wand of quicksilver (7) for 411 gold pieces
 36312 | Snake:2  | Bought a wand of mindburst (7) for 137 gold pieces
 36357 | Snake:2  | Learned a level 3 spell: Dazzling Flash
 36721 | Snake:3  | Found Ifokkam's Jewellery Shop.
 36728 | Snake:3  | Found Diduz's Magic Scroll Boutique.
 37820 | Snake:4  | Entered Level 4 of the Snake Pit
 38355 | Snake:4  | Found Dituluevyps's Desiderata Depot.
 38586 | Snake:4  | Reached skill level 25 in Stealth
 39424 | Snake:4  | Got a serpentine rune of Zot
 39661 | Snake:4  | Noticed Bai Suzhen
 39676 | Snake:4  | Killed Bai Suzhen
 39810 | Shoals:1 | Entered Level 1 of the Shoals
 39954 | Shoals:1 | Found a snail-covered altar of Cheibriados.
 40353 | Shoals:1 | Got the Catalogue of Adjuration and the Chill
 40365 | Shoals:1 | Noticed Donald
 40419 | Shoals:1 | Killed Donald
 40873 | Shoals:2 | Found a runed translucent door.
 40874 | Shoals:2 | Found a shimmering altar of Xom.
 40874 | Shoals:2 | Noticed Weosk's ghost (adept GnWn)
 40897 | Shoals:2 | Reached XP level 20. HP: 112/112 MP: 44/44
 41921 | Shoals:2 | Killed Weosk's ghost
 42611 | Shoals:3 | Reached skill level 1 in Ranged Weapons
 42848 | Shoals:3 | Identified the ring "Joplouv" {Drain rPois rC+++ rN+
                  | Stlth+}
 43494 | Shoals:4 | Entered Level 4 of the Shoals
 43567 | Shoals:4 | Reached skill level 26 in Stealth
 43606 | Shoals:4 | Got the Vellum of the Snake
 43678 | Shoals:4 | Identified the +7 hand axe "Fev Avem" {spect, Fragile rElec
                  | rPois Int+2}
 43692 | Shoals:4 | Reached skill level 10 in Poison Magic
 43700 | Shoals:4 | Reached skill level 15 in Fighting
 43840 | Shoals:4 | Reached skill level 1 in Axes
 44024 | Shoals:4 | Got a barnacled rune of Zot
 45174 | Vaults:1 | Entered Level 1 of the Vaults
 45185 | Vaults:1 | Reached skill level 5 in Ranged Weapons
 45457 | Vaults:1 | Found a transporter.
 45457 | Vaults:1 | Noticed Ladeyfunk's ghost (adept DsBe)
 45480 | Vaults:1 | Noticed an ancient lich
 45482 | Vaults:1 | Found a transporter.
 45541 | Vaults:1 | Identified the +9 dire flail of Impermanence {holy, Will+
                  | Dex+2}
 45856 | Vaults:1 | Reached XP level 21. HP: 117/117 MP: 46/46
 46679 | Vaults:2 | Reached skill level 27 in Stealth
 46991 | Vaults:2 | Found a staircase to the Crypt.
 48503 | Vaults:3 | Noticed Mara
 48524 | Vaults:3 | Killed Mara
 48543 | Vaults:3 | Noticed Boris
 48579 | Vaults:3 | Killed Boris
 48930 | Vaults:3 | Learned a level 1 spell: Summon Small Mammal
 48994 | Vaults:3 | Noticed Mennas
 48995 | Vaults:3 | Killed Mennas
 49161 | Vaults:3 | Reached skill level 1 in Summonings
 50082 | Vaults:4 | Found a large runed translucent door.
 50082 | Vaults:4 | Found a large runed translucent door.
 50083 | Vaults:4 | Noticed Mycling's ghost (veteran DsFi)
 50439 | Vaults:4 | Reached XP level 22. HP: 124/124 MP: 47/47
 50536 | Vaults:4 | Found Agunte's Jewellery Shoppe.
 50544 | Vaults:4 | Bought the ring of Jickep {rPois rC+ Str+3 Dex+3 Stlth+}
                  | for 516 gold pieces
 51605 | Vaults:4 | Killed Mycling's ghost
 51673 | Vaults:4 | Identified the +3 lajatang of Courage {flame, SInv}
 52175 | Depths:1 | Entered Level 1 of the Depths
 52379 | Depths:1 | Found a runed translucent door.
 52381 | Depths:1 | Found a gateway to Hell.
 52463 | Depths:1 | Found a runed translucent door.
 52552 | Depths:1 | Identified the +9 trident of Gapere {freeze, rF++}
 52807 | Depths:1 | Reached skill level 5 in Summonings
 53563 | Depths:1 | Found a sparkling altar of Nemelex Xobeh.
 53630 | Depths:1 | Found an opulent altar of Gozag.
 53759 | Depths:2 | Paralysed by a floating eye for 4 turns
 53762 | Depths:2 | Mangled by a spark wasp

Illustrated notes

Levels and vault maps discovered:
D:1:      dpeg_arrival_oval, layout_loops_ring, nrook_mini_backslash
D:2:      cheibrodos_fertilizer, layout_rooms, serial_aquarium,
          aquarium_bridge_straight [aquarium_subvault_bridge,
          aquarium_subvault_wall, aquarium_subvault_bridge,
          aquarium_subvault_balcony], aquarium_window_corner,
          aquarium_window_corridor_3, aquarium_window_2, aquarium_window_fake,
          aquarium_view_2e, aquarium_balcony_5a, serial_shops,
          nicolae_shop_stone, uniq_natasha, uniq_robin, uniq_sigmund
D:3:      layout_rooms, zin_scriptorium, chequers_big_river
D:4:      layout_basic, temple_green, gammafunk_ghost_necromancy,
          minmay_mini_jars
D:5:      layout_layer_cave, grunt_temple_overflow_magic_moments,
          trog_hazing_becter, chequers_temple_overflow_statue_of_worship,
          ebering_ghost_inner_flame, minmay_misc_feat_plants,
          chequers_serial_rivers_large_a
D:6:      layout_loops_ring, serial_rivers, chequers_serial_rivers_marsh,
          chequers_serial_rivers_micro_d, chequers_serial_rivers_marsh,
          chequers_serial_rivers_room_a, chequers_serial_rivers_micro_b,
          kennysheep_generic_room_5
D:7:      layout_loops_ring, dk_noncrumbling_4, glass_columns_a,
          serial_bayou_crossing
D:8:      layout_basic, lemuel_zombie_altar_yredelemnul, erik_lair_island
D:9:      layout_irregular_city, feat_on_display, uniq_pikel
D:10:     layout_cross, minmay_orc_entry_temple_small, serial_shops,
          nicolae_shop_hallway_plus
D:11:     old_forge, layout_layer_cave
D:12:     layout_cave_pods, portal_ice_cave_entry_pillars_1, uniq_rupert,
          uniq_nergalle, uniq_frances
D:13:     layout_loops_ring, erik_vaults_2, serial_bayou, serial_bayou_pond_d,
          serial_bayou_pond_c, serial_bayou_lagoon_b, serial_bayou_pond_c,
          serial_bayou_shore_b, serial_bayou_lagoon_a,
          kennysheep_generic_room_12
D:14:     layout_stronghold, minmay_misc_feat_five,
          gammafunk_ghost_wrathful_warriors, uniq_kirke, uniq_nessos
D:15:     hangedman_depths_entry_civil_slaughter, layout_small_grid, serial_ice,
          serial_ice_o, serial_ice_h, serial_ice_c, serial_ice_g, serial_ice_i,
          serial_ice_n, serial_ice_d, serial_ice_b, serial_shops, shop_statue,
          abandoned_shop, minivault_27
Temple:   nicolae_temple_figure_eight
Lair:1:   layout_misc_corridors, gammafunk_ghost_arena, gauntlet_entry_generic,
          lemuel_oklob_altar
Lair:2:   layout_cave_pods, st_stairs_12, bobbens_dragon_lair_wall
Lair:3:   layout_roguey, minmay_shoals_entry_beasts, dummy_snake_entry,
          minmay_stone_trees_small, dreamdust_wasp_nest
Lair:4:   nzn_winding_woodlands_large [nzn_winding_woodlands_5x5_perimeter,
          nzn_winding_woodlands_5x15_parted,
          nzn_winding_woodlands_5x5_checkerboard,
          nzn_winding_woodlands_center_garden,
          nzn_winding_woodlands_15x15_eel_pit,
          nzn_winding_woodlands_center_pierced_h,
          nzn_winding_woodlands_5x5_cross, nzn_winding_woodlands_5x15_sawtooth,
          nzn_winding_woodlands_5x5_default], layout_gridlike,
          minmay_slime_entry_oklob_enclosed, minmay_lair_drake_nest
Lair:5:   grunt_lair_end_beastmaster, layout_regular_city,
          nicolae_lair_run_with_the_wolves
Shoals:1: layout_shoals, lemuel_altar_in_water, ldierk_geyser, uniq_donald
Shoals:2: layout_shoals, ebering_ghost_xom, nicolae_shoals_shepherds
Shoals:3: layout_shoals
Shoals:4: shoals_end_grunt_garden, layout_shoals
Snake:1:  layout_gridlike, nicolae_shop_overcharged_wands, minmay_shop_star,
          grunt_megastairs_2, uniq_aizul, uniq_azrael, uniq_josephine,
          uniq_jorgrun
Snake:2:  layout_grid_shapes, nicolae_shop_gadgets, serial_bayou_shore_b
Snake:3:  layout_chambers, grunt_megastairs_1, minmay_shoptagon
Snake:4:  snake_pit, layout_misc_corridors, drop_trap, st_stairs_6,
          nicolae_alphabet_shops, uniq_bai_suzhen
Orc:1:    layout_diamond_mine, nicolae_orc_lost_temple, uniq_fannar
Orc:2:    grunt_orc_tribal_feast, layout_caves
Elf:1:    nicolae_elf_arrival_aired_out, layout_geoelf_grid, serial_shops,
          nicolae_shop_advertising_works [nicolae_subvault_shop_adworks],
          minmay_elf_annihilation, uniq_agnes
Elf:2:    nicolae_elf_blades_crystal_corner, layout_loops_corners,
          einodemon_armed_red_devil_minivault
Elf:3:    minmay_elf_hall_statues, layout_geoelf_octagon, serial_shops,
          nicolae_lakefront_shop
Vaults:1: gammafunk_ghost_mausoleum, vaults_mumra_minichess_inversion,
          hangedman_vaults_slice, vaults_dpeg_doors, v_misc_2,
          nicolae_vaults_network_barrier, hangedman_vaults_hat,
          vaults_room_fancy_cross, ontoclasm_vaults_chip,
          ontoclasm_vaults_decontamination, layout_vaults_omnibox
Vaults:2: dpeg_vaults_monster_box, blue_anna_dwarven_crypt,
          hangedman_vaults_capsules, v_rooms_5, hangedman_vaults_stagger,
          nicolae_vaults_ring_of_whatevers, vaults_mumra_lcd,
          grunt_vaults_focal, v_misc_24, vaults_dpeg_hooks, vaults_dpeg_cross,
          nicolae_vaults_specimen_jars, nicolae_vaults_little_squares_3,
          vaults_mumra_chevron, layout_vaults_maze_snakey
Vaults:3: nicolae_vaults_ring_of_whatevers, grunt_vaults_twisty,
          hangedman_vaults_stream, ontoclasm_vaults_chip, v_alt_pattern_2,
          vaults_room_pools, nicolae_vaults_theta, v_misc_23,
          grunt_vaults_hallway_long, vaults_dpeg_ring, layout_vaults_omnicross,
          uniq_boris, uniq_mennas, uniq_mara
Vaults:4: ebering_ghost_disaster_area, grunt_vaults_hallway_long,
          hangedman_vaults_nails, v_misc_26, hangedman_vaults_maws,
          nicolae_vaults_murderbox, v_misc_13, grunt_vaults_hallway_short,
          layout_vaults_omnigrid, serial_shops, shop
Depths:1: minmay_the_grid_triangle_9x9_rhombus_thin_mashed
          [minmay_the_grid_triangle_9x9_tough_junction,
          minmay_the_grid_triangle_9x9_prize_top_heavy,
          minmay_the_grid_triangle_9x9_wacky_v,
          minmay_the_grid_triangle_9x9_stretched_checkered], layout_cave_pools,
          grunt_gozag_breadcrumbs, hell_entry, nemelex_diamond_rough_becter
Depths:2: evilmike_marble_ring, layout_basic, minmay_holes, grunt_metal_band,
          abyss_entry_crystal, rand_demon_pan_entry_8

Skill      XL: |  1  2  3  4  5  6  7  8  9 10 11 12 13 14 15 16 17 18 19 20 21 22 |
---------------+-------------------------------------------------------------------+-----
Stealth        | 6 7 8 9 11 12 13 15 17 18 19 21 23 24 25 26 27 | 27.0
Spellcasting   | 1 2 3 4 5 7 8 9 11 12 13 14 16 17 18 19 20 | 20.0
Dodging        | 2 3 4 5 6 8 9 10 12 13 15 16 17 19 20 21 22 23 24 | 24.5
Fighting       | 2 3 4 5 6 7 8 9 10 12 13 14 15 16 | 16.8
Short Blades   | 3 4 5 7 9 10 | 10.0
Hexes          | 3 5 |  5.0
Transmutations | 4 5 8 |  8.1
Poison Magic   | 3 5 6 8 10 | 10.0
Fire Magic     | 3 5 6 8 9 |  9.9
Conjurations   | 3 5 |  5.0
Ranged Weapons | 5 |  5.0
Axes           | 2 |  2.2
Summonings     | 3 5 |  5.0
Throwing       | |  2.0

Action                   |  1- 3 |  4- 6 |  7- 9 | 10-12 | 13-15 | 16-18 | 19-21 | 22-24 || total
-------------------------+-------+-------+-------+-------+-------+-------+-------+-------++-------
Melee: Dagger            |    83 |   238 |   113 |       |       |       |       |       ||   434
       Punch             |     1 |     5 |     5 |       |       |       |       |       ||    11
       Pair of quick bla |       |       |   157 |   530 |  1198 |  1378 |  2361 |   511 ||  6135
Throw: Dart              |    15 |    42 |    16 |     9 |     7 |       |     1 |       ||    90
 Cast: Ensorcelled Hiber |       |       |     1 |       |       |       |     3 |       ||     4
       Ignite Poison     |       |       |       |     4 |     5 |    16 |    13 |     3 ||    41
       Olgreb's Toxic Ra |       |       |       |       |     6 |    22 |     6 |     2 ||    36
       Blink             |       |       |       |       |       |     2 |       |       ||     2
       Confusing Touch   |       |       |       |       |       |       |     5 |     2 ||     7
       Dazzling Flash    |       |       |       |       |       |       |     1 |       ||     1
Invok: Lunge             |       |       |    50 |    69 |   203 |   213 |   364 |    67 ||   966
       Whirlwind         |       |       |     3 |    54 |   228 |   257 |   504 |   130 ||  1176
       Serpent's Lash    |       |       |       |     1 |     9 |     3 |     5 |     3 ||    21
       Heavenly Storm    |       |       |       |       |       |       |     1 |       ||     1
Evoke: Wand              |       |       |       |       |     1 |     1 |       |     5 ||     7
  Use: Scroll            |       |       |       |    21 |     3 |     5 |     1 |       ||    30
       Potion            |       |       |       |     6 |     5 |     7 |       |       ||    18
 Stab: Sleeping          |    11 |     7 |    23 |    32 |    57 |   107 |   141 |    32 ||   410
       Distracted        |       |     3 |     1 |     4 |    11 |    14 |    17 |     2 ||    52
       Petrified         |       |       |       |       |       |     1 |       |       ||     1
       Confused          |       |       |       |       |       |       |     7 |       ||     7
       Invisible         |       |       |       |       |       |       |     1 |       ||     1
Armor: Robe              |     8 |    21 |     8 |    26 |    27 |    33 |    49 |    14 ||   186
Dodge: Dodged            |    31 |   155 |   138 |   147 |   397 |   552 |  1087 |   148 ||  2655
Block: Other             |       |       |     6 |    27 |    83 |    91 |   182 |    33 ||   422
       Reflection        |       |       |       |       |     6 |     9 |    21 |     2 ||    38

Table legend: (Time is in decaauts)
 A = Elapsed time spent in this place.
 B = Non-inter-level travel time spent in this place.
 C = Inter-level travel time spent in this place.
 D = Time resting spent in this place.
 E = Time spent auto-exploring this place.
 F = Levels seen in this place.
 G = Mean time per level.
                   A        B        C        D        E       F      G
               +--------+--------+--------+--------+--------+-----+--------+
         Total |  36445 |  31904 |   4541 |   5243 |  15097 |  42 |  867.7 |
       Dungeon |  14107 |  11407 |   2700 |   1239 |   6741 |  15 |  940.5 |
        Temple |    526 |    471 |     55 |     53 |    130 |   1 |  526.0 |
          Lair |   4158 |   3587 |    571 |    284 |   2405 |   5 |  831.6 |
        Shoals |   2759 |   2597 |    162 |    287 |   1044 |   4 |  689.8 |
     Snake Pit |   3462 |   3334 |    128 |    692 |   1758 |   4 |  865.5 |
  Orcish Mines |   1386 |   1063 |    323 |    218 |    581 |   2 |  693.0 |
   Elven Halls |   3419 |   3144 |    275 |   1114 |    811 |   3 | 1139.7 |
        Vaults |   4790 |   4529 |    261 |    968 |   1404 |   4 | 1197.5 |
        Depths |    738 |    675 |     63 |    147 |    178 |   2 |  369.0 |
      Ice Cave |    571 |    571 |      0 |    105 |     41 |   1 |  571.0 |
      Gauntlet |    526 |    526 |      0 |    134 |      0 |   1 |  526.0 |
               +--------+--------+--------+--------+--------+-----+--------+

Top non-repeatable levels by time:
    D:14: 1825 daAuts
Vaults:4: 1622 daAuts
   Elf:3: 1505 daAuts
     D:2: 1413 daAuts
Vaults:2: 1405 daAuts
 Snake:4: 1389 daAuts
   Elf:2: 1349 daAuts
     D:5: 1223 daAuts
     D:4: 1214 daAuts
    D:11: 1077 daAuts
    D:13: 1006 daAuts
  Lair:2: 1001 daAuts
     D:8: 999 daAuts
Vaults:1: 981 daAuts
  Lair:5: 937 daAuts
